 Dungeon Crawl Stone Soup version 0.25-a0-341-g6f074c887a (webtiles) character file.

Game seed: 12977159910522872456, levelgen mode: deterministic

638 Conn the Magician (level 7, 0/42 HPs)
             Began as an Octopode Fire Elementalist on Dec 30, 2019.
             Slain by a phantom (8 damage)
             ... on level 5 of the Dungeon.
             The game lasted 00:12:44 (5118 turns).

Conn the Magician (Octopode Fire Elementalist)      Turns: 5118, Time: 00:12:44

Health: 0/42       AC:  1    Str:  7    XL:     7   Next: 50%
Magic:  22/22      EV: 14    Int: 19    God:
Gold:   223        SH:  0    Dex: 13    Spells: 4/15 levels left

rFire    . . .     SeeInvis .   p - +0 rapier
rCold    . . .     Gourm    .   (no shield)
rNeg     . . .     Faith    .   (helmet restricted)
rPois    .         Spirit   .   (no amulet)
rElec    .         Reflect  .   d - ring of magical power
rCorr    .         Harm     .   (no ring)
MR       .....                  (no ring)
Stlth    +++.......             (no ring)
HPRegen  0.14/turn              (no ring)
MPRegen  0.18/turn              (no ring)
                                (no ring)
                                (no ring)

@: no status effects
A: almost no armour, stealthy swim, amphibious, 8 rings, constrict 8, camouflage
1, gelatinous body 1
a: no special abilities


You were on level 5 of the Dungeon.
You were not hungry.

You visited 1 branch of the dungeon, and saw 5 of its levels.

You collected 223 gold pieces.

Inventory:

Hand Weapons
 i - a +0 short sword
 p - a +0 rapier (weapon)
Missiles
 c - 18 poisoned darts
 u - 10 boomerangs (quivered)
Jewellery
 d - a ring of magical power (left tentacle)
Wands
 f - a wand of disintegration (7)
Scrolls
 a - a scroll of noise {unknown}
 e - 3 scrolls of identify {unknown}
 g - a scroll of random uselessness {unknown}
 j - a scroll of enchant weapon {unknown}
 l - a scroll of remove curse {unknown}
 m - a scroll of enchant armour {unknown}
 n - 2 scrolls of amnesia {unknown}
 o - 4 scrolls of fear {unknown}
 q - a scroll of teleportation {unknown}
 t - a scroll of blinking {unknown}
 v - a scroll of magic mapping {unknown}
Potions
 h - a potion of heal wounds {unknown}
 k - a potion of might
 w - 2 potions of brilliance
 x - 2 potions of curing {unknown}
Comestibles
 b - 8 rations


   Skills:
 + Level 0.8 Fighting
 + Level 1.2 Short Blades
 + Level 3.2 Dodging
 + Level 3.5 Stealth
 * Level 4.5 Spellcasting
 * Level 4.4 Conjurations
 + Level 4.1 Fire Magic


You had 4 spell levels left.
You knew the following spells:

 Your Spells              Type           Power        Failure   Level  Hunger
a - Foxfire               Conj/Fire      ###.         2%          1    None
b - Conjure Flame         Conj/Fire      ###.....     7%          3    ###....
c - Inner Flame           Hex/Fire       ##......     17%         3    ###....
d - Sticky Flame          Conj/Fire      ###.....     22%         4    ####...

Your spell library contained the following spells:

 Spells                   Type           Power        Failure   Level  Hunger
 Fireball                 Conj/Fire      ###.......   54%         5    ######.


Dungeon Overview and Level Annotations

Branches:
Dungeon (5/15)
 Temple: D:4-7

Altars:
Kikubaaqudgha
Trog
Wu Jian


Innate Abilities, Weirdness & Mutations

You cannot wear most types of armour.
You are very stealthy in the water. (Stealth+)
You are amphibious.
You can wear up to eight rings at the same time.
You can use your tentacles to constrict eight enemies at once.
Your skin changes colour to match your surroundings (Stealth+).
Your rubbery body absorbs attacks. (AC +1, EV +1)


Message History

You kill the orc!
You start resting.
Magic restored.
You start resting.
HP restored.
Items here: )) [ รท a +0 falchion; a +0 ring mail of poison resistance; a +0 hand axe an orc skeleton
There is a stone staircase leading down here.
Okay, then.
Okay, then.
You climb downwards.
The centaur shoots an arrow.
The arrow barely misses you. The phantom closely misses you.
The phantom hits you.
The centaur shoots an arrow.
The arrow hits you!
There is a stone staircase leading up, spattered with blood here.
You see here 7 arrows.
The centaur shoots an arrow.
The arrow hits you!
* * * LOW HITPOINT WARNING * * *
The phantom hits you!
You die...

............
.[.....>...
##..........
####.........
.......(....##
..........#..#
.............#.
.......@W......
....(......#...
...............
...............
.......c.......
.........#.....
##########.....
.....


You could see a phantom and a centaur.

Vanquished Creatures
  An orc warrior (D:3)
  2 ogres (D:4)
  A howler monkey (D:4)
  A hound (D:4)
  3 orc wizards
  2 worker ants (D:4)
  6 adders
  An ooze (D:1)
  An adder skeleton (D:5)
  3 worms (D:2)
  A dart slug (D:2)
  28 orcs
  9 bats
  2 giant cockroaches
  7 goblins
  4 hobgoblins
  A ball python (D:3)
  6 frilled lizards
  9 kobolds
  9 rats
97 creatures vanquished.

Vanquished Creatures (others)
  268 foxfires
268 creatures vanquished.

Grand Total: 365 creatures vanquished

Notes
Turn   | Place    | Note
-------+----------+-------------------------------------------
     0 | D:1      | Conn the Octopode Fire Elementalist began the quest for the
                  | Orb.
     0 | D:1      | Reached XP level 1. HP: 11/11 MP: 3/3
   347 | D:1      | Reached XP level 2. HP: 17/17 MP: 1/5
   781 | D:1      | Reached XP level 3. HP: 7/21 MP: 0/6
  1599 | D:2      | Reached XP level 4. HP: 27/27 MP: 8/8
  1892 | D:2      | Found an ornate altar of the Wu Jian Council.
  2199 | D:3      | Reached XP level 5. HP: 26/31 MP: 9/9
  2477 | D:3      | Noticed an orc warrior
  2502 | D:3      | Killed an orc warrior
  2502 | D:3      | Reached XP level 6. HP: 13/36 MP: 11/11
  3066 | D:4      | Found a bloodstained altar of Trog.
  3069 | D:4      | Found an ancient bone altar of Kikubaaqudgha.
  3156 | D:4      | HP: 1/37 [worker ant (3)]
  3157 | D:4      | Reached skill level 1 in Short Blades
  3533 | D:4      | Learned a level 3 spell: Conjure Flame
  3537 | D:4      | Learned a level 3 spell: Inner Flame
  3542 | D:4      | Learned a level 4 spell: Sticky Flame
  3566 | D:4      | Reached XP level 7. HP: 39/42 MP: 13/13
  4542 | D:5      | Entered Level 5 of the Dungeon
  5118 | D:5      | Slain by a phantom

Levels and vault maps discovered:
D:1:      sevenhm_arrival_forest_fort_large_4, layout_basic, serial_bayou,
          serial_bayou_pond_c, serial_bayou_pond_a, serial_bayou_pond_e,
          serial_bayou_shore_a
D:2:      layout_rooms, marbit_many_paths
D:3:      layout_rooms, hangedman_decor_riveting
D:4:      layout_loops_ring, grunt_temple_overflow_open, nrook_uturn
D:5:      layout_rooms, lemuel_crystal_altar, first_ration, minivault_5

Skill      XL: |  1  2  3  4  5  6  7 |
---------------+----------------------+-----
Stealth        | 3 |  3.5
Spellcasting   | 3 4 |  4.5
Conjurations   | 2 3 4 |  4.4
Short Blades   | 1 |  1.2
Dodging        | 3 |  3.2
Fire Magic     | 4 |  4.1
Fighting       | |  0.8

Action                   |  1- 3 |  4- 6 |  7- 9 || total
-------------------------+-------+-------+-------++-------
Melee: Unarmed           |     6 |       |       ||     6
       Constrict         |     9 |     3 |       ||    12
       Short sword       |    22 |       |       ||    22
       Tentacles         |     5 |     2 |       ||     7
       Rapier            |     6 |    22 |    16 ||    44
 Cast: Foxfire           |    44 |   104 |    18 ||   166
       Conjure Flame     |       |       |     2 ||     2
       Sticky Flame      |       |       |     1 ||     1
Evoke: Wand              |       |       |     3 ||     3
  Use: Potion            |       |     9 |     1 ||    10
 Stab: Sleeping          |     3 |       |     1 ||     4
  Eat: Chunk             |     2 |     6 |     2 ||    10
       Ration            |       |       |     1 ||     1
Armor: Skin              |    10 |    58 |    24 ||    92
Dodge: Dodged            |    38 |    45 |    14 ||    97

Table legend:
 A = Non-vault XP
 B = Vault XP
 C = Vault XP percentage of total XP
 D = Non-vault monster count
 E = Vault monster count
 F = Vault count percentage of total count
                 A         B        C        D         E       F
            +---------+---------+-------+---------+---------+-------
      Total |     908 |       4 |   0.4 |      96 |       1 |   1.0
            +---------+---------+-------+---------+---------+-------
        D:1 |      38 |       0 |   0.0 |      21 |       0 |   0.0
        D:2 |      78 |       4 |   4.9 |      21 |       1 |   4.5
        D:3 |     314 |       0 |   0.0 |      39 |       0 |   0.0
        D:4 |     473 |       0 |   0.0 |      14 |       0 |   0.0
        D:5 |       5 |       0 |   0.0 |       1 |       0 |   0.0
            +---------+---------+-------+---------+---------+-------
